 Dungeon Crawl Stone Soup version 0.32-a0-859-gb0a091d592 (webtiles) character file.

Game seed: 8676643345983099041

264 ytrimaz the Ruffian (level 6, -2/40 HPs)
             Began as an Octopode Shapeshifter on Mar 27, 2024.
             Slain by a crocodile (11 damage)
             ... in a sewer.
             The game lasted 00:02:53 (2558 turns).

ytrimaz the Ruffian (Octopode Shapeshifter)         Turns: 2558, Time: 00:02:54

Health: -2/40      AC:  5    Str: 13    XL:     6   Next: 19%
Magic:  6/6        EV: 12    Int: 18    God:
Gold:   206        SH:  0    Dex: 10    Spells: 5/5 levels left

rFire   + .          .
                       - Unarmed
rCold   . . .        (no shield)
rNeg    . . .        (helmet currently unavailable)
rPois   .            (no amulet)
rElec   .            d - ring of protection from fire
rCorr   .            l - +4 ring of protection
SInv    .            (no ring)
Will    .....        (no ring)
Stlth   ++           (no ring)
HPRegen 0.26/turn    (no ring)
MPRegen 0.10/turn    (no ring)
                     (no ring)

%: no passive effects
@: beast-form
A: beast (slay +2), almost no armour, amphibious, 8 rings, camouflage 1,
gelatinous body 1, (nimble swimmer 1), tentacles, fangs 1, clever 1
a: Begin Untransformation


You were in a sewer.
You were a hulking beast.
You visited 1 branch of the dungeon, and saw 3 of its levels.
You also visited: Sewer.

You collected 206 gold pieces.


Innate Abilities, Weirdness & Mutations

You are a hulking beast.
Your limbs bulge with bestial killing power. (Slay +2)
You cannot wear most types of armour.
You are amphibious.
You can wear up to eight rings at the same time.
Your skin changes colour to match your surroundings (Stealth+).
Your rubbery body absorbs attacks. (AC +1, EV +1)
((You are camouflaged when in or above water. (Stealth+)))
You have tentacles for arms and can constrict up to eight enemies at once.
You have very sharp teeth.
Your mind is acute. (Int +4, Str/Dex -1)


   Skills:
 + Level 2.3 Fighting
 - Level 2.0 Dodging
 + Level 4.9 Unarmed Combat
 + Level 4.6 Shapeshifting


You had 5 spell levels left.
You didn't know any spells.
Your spell library contained the following spells:

 Spells                   Type           Power      Damage    Failure   Level
 Freeze                   Ice            0%         1d3       22%         1
 Blink                    Tloc           0%         N/A       32%         2
 Lesser Beckoning         Tloc           0%         N/A       32%         2
 Momentum Strike          Conj/Tloc      0%         3d8       32%         2
 Frozen Ramparts          Ice            0%         1d1       54%         3
 Hailstorm                Conj/Ice       0%         3d5       54%         3

Inventory:

Jewellery
 d - a ring of protection from fire (left tentacle)
   (You found it on level 3 of the Dungeon)
 l - a +4 ring of protection (right tentacle)
   (You found it on level 3 of the Dungeon)
Talismans
 b - a beast talisman (active)
 c - a flux talisman
Scrolls
 e - 3 scrolls of teleportation
 f - a scroll of poison {unknown}
 h - a scroll of silence {unknown}
 i - a scroll of brand weapon {unknown}
 k - a scroll of vulnerability {unknown}
 n - 3 scrolls of enchant weapon
Potions
 a - a potion of experience {unknown}
 g - a potion of invisibility {unknown}
 j - 2 potions of haste {unknown}
 m - 2 potions of enlightenment {unknown}

Dungeon Overview and Level Annotations

Branches:
Dungeon (3/15) Zot: 15529   Sewer (1/1) Zot: 5915

Altars:

### #####
#?( .#)$#
#$~#l#.[#
#h~~#
##.~.##
#....~#
##..~~.#
#...#~..#
##.~###..##
#...# .~.#
#~.## #..#
#..# #..#


You could see a crocodile.


Message History

The rat squeaks loudly.
The ball python barely misses you.
You bludgeon the rat!
You kill the rat!
The ball python barely misses you. The ball python grabs you.
The ball python constricts you.
You tentacle-slap the ball python.
You kill the ball python!
No target in view!
Unknown command.
There is a glowing drain here.
The world spins around you as you enter the gateway.
You enter a sewer!
Found a gate leading back out of this place.
There is an empty arch of ancient stone here.
Unknown command.
You enter the shallow water.
A kobold and 2 jackals come into view.
Unknown command.
You are a hulking beast.
You have 8 tentacles available for constriction.
Your movement speed is average.
Your attack delay is about 0.9.
Your damage rating with unarmed combat is about 9 (Base [3 + 4 (UC)] x 107% (Str) x 103% (Fight) + 2 (Slay)).
Your base attributes are Str 14, Int 14, Dex 11.
You enter the shallow water.
A jackal comes into view.
The jackal barks! x2; The kobold shouts!
You barely miss the jackal. You grab the jackal. You constrict the jackal.
The jackal escapes!
You barely miss the jackal. You grab the jackal. You bite the jackal.
You kill the jackal!
The jackal bites you but does no damage.
You tentacle-slap the jackal but do no damage.
You grab the jackal. You constrict the jackal. The jackal misses you.
Unknown command.
You bludgeon the jackal!
You kill the jackal!
You closely miss the jackal. You grab the jackal. You squeeze the jackal.
You kill the jackal!
Unknown command.
You tentacle-slap the kobold. Your grab misses the kobold.
Your squeeze misses the kobold. The kobold hits you but does no damage.
You completely miss the kobold. You grab the kobold. You squeeze the kobold.
You kill the kobold!
You hear a splash.
Unknown command.
No target in view!
You enter the shallow water.
Things that are here:
a +0 short sword; a kobold corpse
a - a smoky silvery potion You enter the shallow water.
You enter the shallow water.
You enter the shallow water.
You enter the shallow water.
You enter the shallow water.
You enter the shallow water.
Key pressed, stopping explore.
You enter the shallow water.
A crocodile comes into view.
The crocodile closely misses you.
Unknown command.
You tentacle-slap the crocodile. The crocodile bites you. 😕 HP[-2]
You take 2 damage, and now have 38/40 hp.
You closely miss the crocodile.
You bite the crocodile, but do no damage.
The crocodile bites you but does no damage.
Unknown command.
You tentacle-slap the crocodile but do no damage.
The crocodile bites you! 😮 HP[-9]
You take 9 damage, and now have 29/40 hp.
MASSIVE DAMAGE!! (PAUSE)
You tentacle-slap the crocodile. Your bite misses the crocodile.
The crocodile bites you! 😮 HP[-8]
You take 8 damage, and now have 21/40 hp.
You tentacle-slap the crocodile. Your squeeze misses the crocodile.
The crocodile bites you but does no damage.
Unknown command.
You barely miss the crocodile. The crocodile barely misses you.
Unknown command.
You barely miss the crocodile. You squeeze the crocodile.
The crocodile bites you.
* * * LOW HITPOINT WARNING * * *
😨 HP[-2]
You take 2 damage, and now have 19/40 hp.
You tentacle-slap the crocodile. The crocodile closely misses you.
Unknown command.
You tentacle-slap the crocodile. Your bite misses the crocodile.
The crocodile bites you!
* * * LOW HITPOINT WARNING * * *
😱 HP[-10]
You take 10 damage, and now have 9/40 hp.
MASSIVE DAMAGE!! (PAUSE)
You barely miss the crocodile. Your squeeze misses the crocodile.
The crocodile bites you!
You die...

Skill      XL: |  1  2  3  4  5 |
---------------+----------------+-----
Unarmed Combat | 4 |  4.9
Shapeshifting  | 4 |  4.6
Fighting       | 2 |  2.3
Dodging        | |  2.0

Action                     |  1- 3 |  4- 6 || total
---------------------------+-------+-------++-------
  Melee: Unarmed           |    54 |    80 ||   134
         Constrict         |    16 |    21 ||    37
         Tentacles         |    12 |    13 ||    25
         Punch             |     1 |       ||     1
         Bite              |       |     4 ||     4
    Use: Potion            |     2 |     3 ||     5
         Scroll            |       |     2 ||     2
   Stab: Sleeping          |     3 |     6 ||     9
         Distracted        |       |     1 ||     1
 Armour: Skin              |    35 |    43 ||    78
  Dodge: Dodged            |    40 |    24 ||    64

Levels and vault maps discovered:
D:1:      minmay_arrival_split_and_join, layout_basic
D:2:      layout_loops_ring, minmay_tiny_reverse_x
D:3:      minmay_spotlight, layout_basic, portal_sewer_entry_e
Sewer:    sewer_the_crocodile

Notes
Turn   | Place    | Note
-------+----------+-------------------------------------------
     0 | D:1      | ytrimaz the Octopode Shapeshifter began the quest for the
                  | Orb.
     0 | D:1      | Reached XP level 1. HP: 13/13 MP: 1/1
     0 | D:1      | magus.rc [v1.9.6]
   167 | D:1      | Reached XP level 2. HP: 10/18 MP: 2/2
   538 | D:1      | You pick up a book of Frost and begin reading...
   538 | D:1      | You add the spells Freeze, Frozen Ramparts and Hailstorm to
                  | your library.
   900 | D:1      | Reached XP level 3. HP: 23/23 MP: 3/3
  1087 | D:2      | Gained mutation: Your mind is acute. (Int +4, Str/Dex -1)
                  | [potion of mutation]
  1087 | D:2      | Gained mutation: You do not regenerate when monsters are
                  | visible. [potion of mutation]
  1087 | D:2      | Gained mutation: You have a pair of small antennae on your
                  | head. [potion of mutation]
  1091 | D:2      | HP: 5/23 [poisoned by a gnoll]
  1097 | D:2      | Reached skill level 4 in Unarmed Combat
  1097 | D:2      | Reached XP level 4. HP: 8/28 MP: 4/4
  1097 | D:2      | HP: 7/28 [gnoll/+0 club (1)]
  1098 | D:2      | HP: 2/28 [gnoll/+0 club (5)]
  1295 | D:2      | Reached skill level 4 in Shapeshifting
  1546 | D:2      | You pick up a book of Spatial Translocations and begin
                  | reading...
  1546 | D:2      | You add the spells Blink, Momentum Strike and Lesser
                  | Beckoning to your library.
  1719 | D:2      | Reached XP level 5. HP: 33/33 MP: 5/5
  2266 | D:3      | Noticed a phantom
  2279 | D:3      | Killed a phantom
  2280 | D:3      | Reached skill level 2 in Fighting
  2287 | D:3      | Lost mutation: You have a pair of small antennae on your
                  | head. [potion of mutation]
  2287 | D:3      | Lost mutation: You do not regenerate when monsters are
                  | visible. [potion of mutation]
  2287 | D:3      | Gained mutation: You have very sharp teeth. [potion of
                  | mutation]
  2287 | D:3      | Gained mutation: You occasionally lose the ability to read
                  | scrolls when taking damage. [potion of mutation]
  2287 | D:3      | Lost mutation: You occasionally lose the ability to read
                  | scrolls when taking damage. [potion of mutation]
  2366 | D:3      | Reached XP level 6. HP: 27/39 MP: 6/6
  2465 | D:3      | Found a glowing drain.
  2473 | Sewer    | Entered a sewer
  2557 | Sewer    | HP: 9/40 [crocodile (10)]
  2558 | Sewer    | Slain by a crocodile

Vanquished Creatures
  A phantom (D:3)
  4 gnolls (D:2)
  5 adders
  4 river rats (D:3)
  4 dart slugs
  2 ribbon worms
  5 endoplasms (D:2)
  3 giant cockroaches
  3 goblins
  5 hobgoblins
  6 jackals
  4 kobolds
  3 quokkas
  5 ball pythons
  6 bats
  2 frilled lizards (D:2)
  6 rats
68 creatures vanquished.

Table legend:
 A = Non-vault XP
 B = Vault XP
 C = Vault XP percentage of total XP
 D = Non-vault monster count
 E = Vault monster count
 F = Vault count percentage of total count
                 A         B        C        D         E       F
            +---------+---------+-------+---------+---------+-------
      Total |     204 |     174 |  46.0 |      51 |      17 |  25.0
            +---------+---------+-------+---------+---------+-------
        D:1 |      36 |       0 |   0.0 |      19 |       0 |   0.0
        D:2 |     149 |       4 |   2.6 |      27 |       2 |   6.9
        D:3 |      19 |     163 |  89.6 |       5 |      11 |  68.8
      Sewer |       0 |       7 | 100.0 |       0 |       4 | 100.0
            +---------+---------+-------+---------+---------+-------

Skill      XL: |  1  2  3  4  5 |
---------------+----------------+-----
Unarmed Combat | 4 |  4.9
Shapeshifting  | 4 |  4.6
Fighting       | 2 |  2.3
Dodging        | |  2.0

Action                     |  1- 3 |  4- 6 || total
---------------------------+-------+-------++-------
  Melee: Unarmed           |    54 |    80 ||   134
         Constrict         |    16 |    21 ||    37
         Tentacles         |    12 |    13 ||    25
         Punch             |     1 |       ||     1
         Bite              |       |     4 ||     4
    Use: Potion            |     2 |     3 ||     5
         Scroll            |       |     2 ||     2
   Stab: Sleeping          |     3 |     6 ||     9
         Distracted        |       |     1 ||     1
 Armour: Skin              |    35 |    43 ||    78
  Dodge: Dodged            |    40 |    24 ||    64

Illustrated notes

Table legend:
 A = Kills in this place as a percentage of kills in the entire game.
 B = Kills by you in this place as a percentage of kills by you in the entire game.
 C = Kills by friends in this place as a percentage of kills by friends in the entire game.
 D = Other kills in this place as a percentage of other kills in the entire game.
 E = Experience gained in this place as a percentage of experience gained in the entire game.
 F = Experience gained in this place divided by the number of levels of this place that you have seen.
                   A       B       C       D       E      F
               +-------+-------+-------+-------+-------+----------------------
         Total | 100.0 | 100.0 |   N/A |   N/A | 100.0 |  94.5
       Dungeon |  94.1 |  94.1 |   N/A |   N/A |  98.1 | 123.7
         Sewer |   5.9 |   5.9 |   N/A |   N/A |   1.9 |   7.0
               +-------+-------+-------+-------+-------+----------------------

Table legend: (Time is in decaauts)
 A = Elapsed time spent in this place.
 B = Non-inter-level travel time spent in this place.
 C = Inter-level travel time spent in this place.
 D = Time resting spent in this place.
 E = Time spent auto-exploring this place.
 F = Levels seen in this place.
 G = Mean time per level.
                   A        B        C        D        E       F      G
               +--------+--------+--------+--------+--------+-----+--------+
         Total |   2554 |   2515 |     39 |     72 |   2011 |   4 |  638.5 |
       Dungeon |   2470 |   2431 |     39 |     72 |   1957 |   3 |  823.3 |
         Sewer |     83 |     83 |      0 |      0 |     54 |   1 |   83.0 |
               +--------+--------+--------+--------+--------+-----+--------+

Top non-repeatable levels by time:
     D:1: 982 daAuts
     D:2: 780 daAuts
     D:3: 707 daAuts
   Sewer: 83 daAuts
